[Event "Germany Countries-chT Youth 2022"]
[Site "Wiesbaden"]
[Date "2022.10.01"]
[Round "1"]
[White "Czaeczine, Paula"]
[Black "Limmer, Marco"]
[Result "1/2-1/2"]
[ECO "C01"]
[WhiteElo "1322"]
[BlackElo "1704"]
[Annotator "NA RC COMBH"]
[PlyCount "104"]
[EventDate "2022.09.28"]
[EventType "team-tourn"]
[EventRounds "7"]
[EventCountry "GER"]
[SourceTitle "playchess.com"]
[Source "ChessBase"]
[SourceQuality "1"]
[TimeControl "40/5400+30:1800+30"]

1. e4 e6 2. d4 d5 3. exd5 exd5 4. c4 Nf6 5. Nc3 Be7 6. Bd3 dxc4 7. Bxc4 O-O 8. Nge2 c6 9. a4 Bd6 10. Bg5 Re8 11. h3 Be6 12. Bxe6 Rxe6 13. O-O h6 14. Bh4 Nbd7 15. d5 cxd5 16. Nxd5 Be7 17. Nxe7+ Qxe7 18. Nc3 Qb4 19. Bxf6 Nxf6 20. Nd5 Nxd5 21. Qxd5 Re2 22. b3 Rd2 23. Qf3 Rad8 24. Rab1 R8d3 25. Qg4 Qxg4 26. hxg4 Rc2 27. Rfd1 Rdd2 28. Rxd2 Rxd2 29. Rc1 Rd3 30. Rc8+ Kh7 31. Rc7 Rxb3 32. Rxf7 a5 33. f3 Kg6 34. Rd7 Rb4 35. Kf2 Kf6 36. Ke3 b6 37. Rd4 Rb3+ 38. Rd3 Rb1 39. Kf4 Rb4+ 40. Ke3 Ke5 41. Ra3 g6 42. g3 h5 43. gxh5 gxh5 44. Kd3 Kd5 45. Kc3 Kc5 46. Ra2 h4 47. gxh4 Rxh4 48. Kb3 Rb4+ 49. Kc3 Rf4 50. Rf2 Rxa4 51. f4 Kd6 52. f5 Ke7 1/2-1/2

[Event "Germany Countries-chT Youth 2022"]
[Site "Wiesbaden"]
[Date "2022.10.01"]
[Round "1"]
[White "Petrovsky, Vadim"]
[Black "Waffenschmidt, Lars"]
[Result "1-0"]
[ECO "C95"]
[WhiteElo "1287"]
[BlackElo "2302"]
[Annotator "TA"]
[PlyCount "79"]
[EventDate "2022.09.28"]
[EventType "team-tourn"]
[EventRounds "7"]
[EventCountry "GER"]
[SourceTitle "playchess.com"]
[Source "ChessBase"]
[SourceQuality "1"]
[TimeControl "40/5400+30:1800+30"]

1. e4 e5 2. Nf3 Nc6 3. Bb5 a6 4. Ba4 Nf6 5. O-O Be7 6. Re1 b5 7. Bb3 d6 8. c3 O-O 9. h3 Nb8 10. d4 Nbd7 11. Nbd2 Bb7 12. Bc2 Re8 13. Nf1 Bf8 14. Ng3 g6 15. a4 Nb6 {[%emt 0:08:58] C95: Closed Ruy Lopez: Breyer Variation with 10 d4.} 16. a5 $1 {[%emt 0:31:30] 16.a5 scores better than 16.b3.} Nbd7 17. b4 exd4 {[%emt 0:09:01] The position is equal.} 18. cxd4 c5 19. bxc5 dxc5 20. d5 (20. e5 $5 ) 20... c4 {[%emt 0:01:36] [#]} (20... Qc7 $5 ) 21. d6 $146 {[%emt 0:00:46] [#]} (21. Bg5 $11 {keeps the balance.}) ({Predecessor:} 21. Nd4 Nc5 22. Bg5 h6 23. Bd2 Bg7 24. Bb4 Nfd7 25. Ra3 Rc8 26. Ngf5 Bf8 27. Rg3 {½-½ (70) Pacher,M (2449)-Krykun,Y (2366) Lvov 2017}) 21... Nc5 ({Black should try} 21... Rc8 $1 $17 22. Ba3 Bg7) 22. e5 $15 Nfd7 {[%emt 0:01:16] Hoping for ...Bxf3.} 23. Ne4 Bg7 24. Bg5 Qc8 25. Be7 ({But not} 25. Nxc5 Qxc5 26. Be3 Qc6 $17) 25... Rb8 $2 {[%emt 0:16:41][%mdl 8192] [#] This costs Black the game.} (25... Nxe5 $17 {and life is bright.} 26. Nxe5 Bxe5 27. Nf6+ Bxf6 28. Bxf6 Rxe1+ 29. Qxe1 Qc6) 26. Nf6+ $1 $18 Nxf6 27. exf6 Bh8 (27... Bxf3 {is a better chance.} 28. Qxf3 Bf8) 28. Ne5 {[%emt 0:00:22][%cal Bf3e5,Be5g4,Bg4h6][%mdl 32] And now Ng4 would win.} Nd7 29. Ng4 h5 30. Nh6+ Kh7 31. Qxh5 Qc5 32. Qh4 Bxf6 33. Bxf6 Nxf6 34. Ng4+ Nh5 35. Nf6+ Kg7 36. Nxe8+ Rxe8 37. Rxe8 {[%emt 0:00:07] Intending Qe7 and mate.} Qc6 38. Qe4 {[%emt 0:00:18] Black must now prevent Re7.} Qd7 39. Qe7 Qc6 40. Be4 {[%emt 0:00:14] Weighted Error Value: White=0.20 (precise) /Black=1.09} 1-0

[Event "Germany Countries-chT Youth 2022"]
[Site "Wiesbaden"]
[Date "2022.10.01"]
[Round "1"]
[White "Struebel, Katharina"]
[Black "Ignatova, Gabriela"]
[Result "1-0"]
[ECO "C45"]
[WhiteElo "1273"]
[BlackElo "1099"]
[Annotator "NA RC COMBH"]
[PlyCount "37"]
[EventDate "2022.09.28"]
[EventType "team-tourn"]
[EventRounds "7"]
[EventCountry "GER"]
[SourceTitle "playchess.com"]
[Source "ChessBase"]
[SourceQuality "1"]
[TimeControl "40/5400+30:1800+30"]

1. e4 e5 2. Nf3 Nc6 3. d4 exd4 4. Nxd4 Bc5 5. Be3 Nxd4 6. Bxd4 Bxd4 7. Qxd4 f6 8. Nc3 c6 9. Bc4 d5 10. exd5 Be6 11. O-O Ne7 12. Rfe1 Bxd5 13. Bxd5 cxd5 14. Nxd5 O-O 15. Nxe7+ Kh8 16. Qe4 Re8 17. Re3 Rc8 18. Qxh7+ Kxh7 19. Rh3# 1-0

[Event "Germany Countries-chT Youth 2022"]
[Site "Wiesbaden"]
[Date "2022.10.01"]
[Round "1"]
[White "Vasylenko, Nadeja"]
[Black "Neininger, Sarah"]
[Result "1/2-1/2"]
[ECO "B22"]
[WhiteElo "1261"]
[BlackElo "1589"]
[Annotator "NA RC COMBH"]
[PlyCount "115"]
[EventDate "2022.09.28"]
[EventType "team-tourn"]
[EventRounds "7"]
[EventCountry "GER"]
[SourceTitle "playchess.com"]
[Source "ChessBase"]
[SourceQuality "1"]
[TimeControl "40/5400+30:1800+30"]

1. e4 c5 2. d4 cxd4 3. c3 Nf6 4. e5 Nd5 5. cxd4 e6 6. Nc3 Nxc3 7. bxc3 d6 8. f4 Qc7 9. Bd2 Nd7 10. Bd3 Be7 11. Nf3 b6 12. O-O Bb7 13. Qe2 Rc8 14. Rab1 h6 15. h3 Bd5 16. Ra1 Bc4 17. exd6 Bxd3 18. Qxd3 Qxd6 19. Ne5 Bf6 20. Qa6 Qc7 21. Qb5 Bxe5 22. fxe5 Qc4 23. Qb1 O-O 24. Rf3 Qe2 25. Qc1 Kh7 26. Qc2+ Kh8 27. Re1 Qc4 28. Ref1 Qxd4+ 29. cxd4 Rxc2 30. Bb4 Rfc8 31. Rxf7 Nb8 32. Bf8 R2c7 33. Bxg7+ Kg8 34. Rxc7 Rxc7 35. Bxh6 Nc6 36. Rc1 Kf7 37. Bg5 Kg6 38. Bd8 Rc8 39. Bh4 Kf5 40. Kf1 Ke4 41. Bf2 Kd5 42. g4 Rh8 43. h4 Nb4 44. Rd1 Nxa2 45. Ra1 Nc3 46. Rxa7 Ne4 47. Ra4 Rf8 48. Ra2 Rf4 49. g5 Nxf2 50. Rxf2 Rxh4 51. Rg2 Kxd4 52. Rb2 Rf4+ 53. Ke2 Rf5 54. Rxb6 Rxe5+ 55. Kd2 Kc5 56. Ra6 Kb5 57. Rd6 Rxg5 58. Rxe6 1/2-1/2

[Event "Germany Countries-chT Youth 2022"]
[Site "Wiesbaden"]
[Date "2022.10.01"]
[Round "1"]
[White "Schwarzfischer, Julia"]
[Black "Halas, Neele Zoe"]
[Result "1/2-1/2"]
[ECO "C55"]
[WhiteElo "1256"]
[BlackElo "1392"]
[Annotator "NA RC COMBH"]
[PlyCount "138"]
[EventDate "2022.09.28"]
[EventType "team-tourn"]
[EventRounds "7"]
[EventCountry "GER"]
[SourceTitle "playchess.com"]
[Source "ChessBase"]
[SourceQuality "1"]
[TimeControl "40/5400+30:1800+30"]

1. e4 e5 2. Nf3 Nc6 3. Bc4 Be7 4. d3 Nf6 5. c3 O-O 6. a4 a5 7. Nbd2 d5 8. exd5 Nxd5 9. Nf1 Re8 10. Qb3 Be6 11. Qxb7 Qd6 12. Qb3 Nf4 13. Bxf4 Bxc4 14. Qxc4 exf4 15. N1d2 Rab8 16. Ne4 Bf8 17. O-O Qg6 18. Neg5 Rxb2 19. Qxf4 Bd6 20. Qc4 Ne5 21. Nxe5 Rxe5 22. Nf3 Rc5 23. Qh4 Rxc3 24. Qd8+ Bf8 25. Rae1 Qd6 26. Qc8 Rxd3 27. Re8 f6 28. Nh4 Rd1 29. Rxf8+ Qxf8 30. Qxf8+ Kxf8 31. Rxd1 Rb8 32. g3 c5 33. Nf3 c4 34. Nd4 Rb4 35. Kf1 Rxa4 36. Ne6+ Kf7 37. Nc5 Rb4 38. Ra1 Rb5 39. Ne4 Ke6 40. Ke2 Re5 41. Kf3 Rf5+ 42. Kg2 Kd5 43. f3 Kd4 44. Rd1+ Ke3 45. Rc1 Kd4 46. Ra1 Kd3 47. Nd6 Re5 48. Ne4 c3 49. Ra3 Rxe4 50. fxe4 Kd2 51. Rxa5 c2 52. Rd5+ Ke2 53. Rc5 Kd2 54. Kf3 c1=Q 55. Rxc1 Kxc1 56. Kf4 Kd2 57. g4 Kd3 58. e5 fxe5+ 59. Kxe5 Ke3 60. Kf5 Kf3 61. h4 Kg3 62. Kg5 Kh3 63. h5 Kg3 64. Kf5 h6 65. g5 hxg5 66. Kxg5 Kh3 67. Kf5 Kh4 68. Kg6 Kg4 69. Kxg7 Kxh5 1/2-1/2

[Event "Germany Countries-chT Youth 2022"]
[Site "Wiesbaden"]
[Date "2022.10.01"]
[Round "1"]
[White "Färber, Anna"]
[Black "Rafikova, Ailin"]
[Result "0-1"]
[ECO "B22"]
[WhiteElo "1165"]
[BlackElo "1287"]
[Annotator "NA COMBH"]
[PlyCount "100"]
[EventDate "2022.09.28"]
[EventType "team-tourn"]
[EventRounds "7"]
[EventCountry "GER"]
[SourceTitle "playchess.com"]
[Source "ChessBase"]
[SourceQuality "1"]
[TimeControl "40/5400+30:1800+30"]

1. e4 c5 2. c3 d6 3. d4 cxd4 4. cxd4 Nf6 5. Nc3 Nc6 6. Be3 e6 7. Be2 d5 8. e5 Nd7 9. Nf3 Bb4 10. O-O O-O 11. Bd3 f6 12. exf6 Nxf6 13. Bg5 h6 14. Bh4 Bd7 15. Bc2 g5 16. Qd3 Be8 17. Bg3 Qe7 18. Rad1 Qg7 19. a3 Be7 20. Rfe1 Kf7 21. Qe3 Bd7 22. Ne5+ Nxe5 23. Qxe5 Rac8 24. Bb3 Rce8 25. Rd3 h5 26. Qc7 h4 27. Be5 Bc6 28. Bxf6 Kxf6 29. Qe5+ Kg6 30. Qxe6+ Rf6 31. Qg4 Ref8 32. Rf1 Qf7 33. Rd2 Rf4 34. Qe2 Bd6 35. Re1 Rf6 36. Bd1 Rh8 37. Rd3 Bd7 38. Bc2 Kg7 39. Bb3 Rf5 40. Rf3 g4 41. Rxf5 Qxf5 42. g3 hxg3 43. fxg3 Qh5 44. Qg2 Qg5 45. Bxd5 Qf6 46. Qd2 b6 47. Bb3 Bc6 48. d5 Bc5+ 49. Kh1 Bf2 50. Rf1 Qf3# 0-1

[Event "Germany Countries-chT Youth 2022"]
[Site "Wiesbaden"]
[Date "2022.10.01"]
[Round "1"]
[White "Abram, Kristina-Maria"]
[Black "Kutz, Ida Klara"]
[Result "0-1"]
[ECO "A48"]
[WhiteElo "1158"]
[BlackElo "1411"]
[Annotator "NA RC COMBH"]
[PlyCount "36"]
[EventDate "2022.09.28"]
[EventType "team-tourn"]
[EventRounds "7"]
[EventCountry "GER"]
[SourceTitle "playchess.com"]
[Source "ChessBase"]
[SourceQuality "1"]
[TimeControl "40/5400+30:1800+30"]

1. d4 Nf6 2. Bf4 g6 3. e3 Bg7 4. Nf3 O-O 5. c3 d6 6. Be2 c5 7. h3 cxd4 8. cxd4 Qb6 9. Qc2 Bf5 10. Qc1 Na6 11. Nbd2 Nb4 12. O-O Rac8 13. Nc4 Qc7 14. a3 Nd3 15. Bxd3 Bxd3 16. Ncd2 Bxf1 17. Qxf1 Qc2 18. b4 Nd7 0-1

[Event "Germany Countries-chT Youth 2022"]
[Site "Wiesbaden"]
[Date "2022.10.01"]
[Round "1"]
[White "Altmeyer, Hannah"]
[Black "Richter, Johanna"]
[Result "0-1"]
[ECO "B20"]
[WhiteElo "728"]
[BlackElo "1355"]
[Annotator "NA RC COMBH"]
[PlyCount "46"]
[EventDate "2022.09.28"]
[EventType "team-tourn"]
[EventRounds "7"]
[EventCountry "GER"]
[SourceTitle "playchess.com"]
[Source "ChessBase"]
[SourceQuality "1"]
[TimeControl "40/5400+30:1800+30"]

1. e4 c5 2. d3 Nc6 3. Bd2 Nf6 4. Nc3 e6 5. Nf3 Qc7 6. Be2 Be7 7. Be3 Ng4 8. Qd2 Nxe3 9. Qxe3 O-O 10. Ng5 Nd4 11. O-O-O b5 12. Nf3 Nxf3 13. Qxf3 b4 14. Nb5 Qc6 15. d4 c4 16. Nxa7 Rxa7 17. d5 Qc5 18. Rhf1 c3 19. a3 cxb2+ 20. Kxb2 Bf6+ 21. c3 Bxc3+ 22. Kc2 Be1+ 23. Kd3 Qc3# 0-1

[Event "Germany Countries-chT Youth 2022"]
[Site "Wiesbaden"]
[Date "2022.10.01"]
[Round "2"]
[White "Krastev, Alexander"]
[Black "Schmider, Niklas"]
[Result "1/2-1/2"]
[ECO "C28"]
[WhiteElo "2431"]
[BlackElo "2407"]
[Annotator "TA"]
[PlyCount "86"]
[EventDate "2022.09.28"]
[EventType "team-tourn"]
[EventRounds "7"]
[EventCountry "GER"]
[SourceTitle "playchess.com"]
[Source "ChessBase"]
[SourceQuality "1"]
[TimeControl "40/5400+30:1800+30"]

1. e4 e5 2. Nc3 Nc6 3. Bc4 Nf6 4. d3 Na5 5. Nge2 Bc5 6. O-O {[%emt 0:00:12] C28: Vienna Game: 2...Nf6 3 Bc4 Nc6.} O-O 7. a4 Nxc4 8. dxc4 h6 {[%emt 0:01:22] [#]} 9. Ng3 $146 ({Predecessor:} 9. Qd3 d6 10. Be3 Nd7 11. a5 a6 12. Ng3 Rb8 13. b3 Bxe3 14. Qxe3 Nc5 15. Rad1 {1-0 (44) Topalov,V (2761)-Giri,A (2782) Paris 2016}) 9... d6 10. Be3 Bxe3 $1 ({Much weaker is} 10... Bg4 11. Qc1 $11) 11. fxe3 Be6 12. Nd5 {[%emt 0:09:28] [#] Threatens to win with Nxf6+.} Nxd5 13. cxd5 Bd7 14. a5 g6 15. Qd3 Qe7 16. Rf2 Rad8 17. c4 c5 18. Qc3 Rc8 19. Ne2 Rc7 20. Qb3 Qg5 21. Raf1 Bg4 22. Nc1 (22. Qd3 {seems wilder.} Bxe2 23. Qxe2 Kg7 24. g3) 22... f5 23. exf5 gxf5 (23... Bxf5 $2 24. e4 $18) 24. Ne2 Rcf7 25. Qd3 Bh5 26. Nc3 Bg6 27. Qd2 Qd8 28. Ne2 Qh4 29. b3 Kh7 30. Nc3 a6 {[%emt 0:00:22] Prevents Nb5.} 31. Ne2 Rb8 32. Ng3 Qg4 33. Rf3 b5 34. axb6 Rxb6 35. Qa5 Rxb3 36. Qxa6 Rf6 (36... f4 $1 $11 {and Black stays safe.} 37. Qxd6 Rd7) 37. h3 $18 Qh4 38. Nxf5 Qg5 39. Nxd6 $2 ({Less strong is} 39. Rg3 Qh5 $18) (39. h4 $18 Qh5 40. Ng3 Rxf3 41. Nxh5 Rxf1+ 42. Kxf1 Bxh5 43. Qxd6) 39... Rb2 $1 $36 {[%emt 0:01:28][%csl Gb2][%cal Rg5g2][%mdl 2048] [#] Black fights for an advantage. The position is equal.} 40. Qa7+ Kg8 41. Qa8+ Kh7 42. Qa7+ Kg8 43. Qa8+ Kh7 {[%emt 0:00:09] Weighted Error Value: White=0.15 (very precise) /Black=0.23 (precise)} 1/2-1/2

[Event "Germany Countries-chT Youth 2022"]
[Site "Wiesbaden"]
[Date "2022.10.01"]
[Round "2"]
[White "Kolb, Tobias"]
[Black "Hassemeier, Mika"]
[Result "1-0"]
[ECO "E46"]
[WhiteElo "2357"]
[BlackElo "2095"]
[Annotator "TA"]
[PlyCount "109"]
[EventDate "2022.09.28"]
[EventType "team-tourn"]
[EventRounds "7"]
[EventCountry "GER"]
[SourceTitle "playchess.com"]
[Source "ChessBase"]
[SourceQuality "1"]
[TimeControl "40/5400+30:1800+30"]

1. d4 Nf6 2. c4 e6 3. Nc3 Bb4 4. e3 O-O 5. Nge2 c6 6. a3 {E46: Nimzo-Indian: Rubinstein: 4 e3 0-0 5 Ne2 without early Bd3.} Ba5 7. b4 Bc7 8. e4 {The position is equal.} d5 9. e5 Ne8 10. Ng3 (10. c5 $11) 10... f6 $15 11. f4 a5 {[#]} (11... c5 $5 12. bxc5 Ba5 $11) 12. b5 $146 ({Predecessor:} 12. Rb1 axb4 13. axb4 g5 14. Bd3 gxf4 15. Bxf4 fxe5 16. Bxh7+ Kxh7 17. Qh5+ Kg8 18. Qg6+ Ng7 19. Nh5 Qh4+ {0-1 (19) Mohammed,Z (2261)-Maghsoodloo,P (2636) Hamedan 2018}) 12... Nd7 13. cxd5 cxd5 14. Be3 fxe5 15. fxe5 Qh4 {[%cal Od7e5] aiming for ...Nxe5!} 16. Qh5 Qxh5 17. Nxh5 g6 (17... a4 $11) 18. Ng3 $14 Bb6 (18... a4 $14) 19. Na4 $16 Ba7 20. Kd2 Ng7 21. Bd3 Nb6 22. Nxb6 {White is much more active.} Bxb6 23. h4 {Hoping for h5.} Nf5 24. Nxf5 gxf5 25. g4 fxg4 $2 (25... f4 $1 $14 26. Bf2 a4) 26. Rhg1 h5 {...Bd7 is the strong threat.} 27. Bg6 Rf5 {[#]} (27... a4 $16 {keeps fighting.}) 28. a4 ({Less strong is} 28. Bxf5 exf5 29. Kd3 a4 $14) (28. Bxh5 $1 $18 Rxh5 29. Rxg4+ Kh8 30. Bg5) 28... Kg7 $2 {[#]} (28... Bd7 $16 {was worth a try.}) 29. Bxf5 $2 (29. Bxh5 $1 $18 {[%mdl 512] has better winning chances.} Rxh5 30. Rxg4+ Kh8 31. Bg5) 29... exf5 30. Kd3 Be6 31. Rac1 Kf7 32. Rc3 Ke7 33. Bc1 Kd7 34. Rf1 Rf8 35. Ba3 (35. Bf4 $16) 35... Rc8 $2 (35... Rg8 $15 {keeps the upper hand.}) 36. Rxc8 Kxc8 {[%mdl 4096] Endgame KRB-KB} 37. Ke3 Kd7 38. Bc5 Bd8 39. Rh1 Bf7 40. Kf4 Ke6 (40... Be6 $16 41. Ba3 Ke8) 41. Bd6 Be8 {[#]} 42. Kg3 (42. Rc1 $1 $18 {[%cal Rc1c8] is the precise move to win. And now Rc8 would win.} Kd7 43. Kxf5) 42... Bd7 43. Rc1 Bb6 44. Bc5 Bd8 45. Ba7 Ke7 46. Rc3 Be6 47. Kf4 $2 (47. Rc5 $16 {and life is bright.}) 47... Kd7 $2 (47... Kf7 $17 48. Kg3 f4+ 49. Kxf4 Bxh4) 48. Rc1 Ke7 49. Bb8 {Threatens to win with Bc7.} Kd7 {Against Bc7} 50. Bd6 Bb6 51. Kg5 (51. Rd1 $16) 51... Bxd4 $2 (51... Bd8+ $11 52. Kf4 (52. Kxh5 $2 g3 $19) 52... Bb6) 52. Rc7+ Kd8 53. Kf6 Bd7 54. Rxb7 (54. Kf7 $142 Bxe5 55. Bxe5) 54... f4 55. b6 {Weighted Error Value: White=0.30/Black=0.60} 1-0

[Event "Germany Countries-chT Youth 2022"]
[Site "Wiesbaden"]
[Date "2022.10.01"]
[Round "2"]
[White "Stelmaszyk, Nico"]
[Black "Petrovsky, Vadim"]
[Result "0-1"]
[ECO "B22"]
[WhiteElo "2355"]
[BlackElo "1287"]
[Annotator "TA"]
[PlyCount "102"]
[EventDate "2022.09.28"]
[EventType "team-tourn"]
[EventRounds "7"]
[EventCountry "GER"]
[SourceTitle "playchess.com"]
[Source "ChessBase"]
[SourceQuality "1"]
[TimeControl "40/5400+30:1800+30"]

1. e4 c5 2. c3 Nf6 3. e5 Nd5 4. Bc4 Nb6 5. Bb3 Nc6 6. d4 cxd4 7. cxd4 d5 8. Bc2 {[%emt 0:00:04] is currently scoring better than 8.Nc3. B22: Sicilian: 2 c3.} Nb4 9. Nc3 Nxc2+ 10. Qxc2 {[%emt 0:00:04] The position is equal.} Bd7 11. Nge2 {[%emt 0:03:29] [#]} Qc8 $146 ({Predecessor:} 11... e6 12. Qd3 Rc8 13. O-O Qh4 14. a4 a6 15. b3 Be7 16. Ba3 Bxa3 17. Rxa3 O-O {1-0 (41) Mamedyarov,S (2767)-Vitiugov,N (2726) Chess.com INT 2022}) 12. O-O Bf5 13. Qd1 e6 14. Ng3 Bg6 15. h4 {[%emt 0:05:52] Black must now prevent h5.} h5 16. Bg5 Qd7 17. a4 Be7 18. f4 Bxg5 19. fxg5 Nc4 20. Qe2 {[%emt 0:02:33] Inhibits Ne3.} Rc8 21. Rfc1 (21. b3 $5 Na5 22. Nb5 $15) 21... a6 22. a5 Qd8 $1 23. b4 (23. Nce4 $5) 23... b5 {[%emt 0:05:36] Against Na4} (23... Qe7 $15 {was preferrable.}) 24. Na2 $11 Qe7 (24... Rc6 $5 25. Rc3 Qe7 $15) 25. Rf1 (25. Rc3 $11 {keeps the balance.}) 25... Kd7 $2 (25... Na3 $17 {aiming for ...Nc2.} 26. Rac1 Nc2) 26. Rf3 Kc7 27. Raf1 Kb8 $36 {[%emt 0:00:27][%cal Oc4a5][%mdl 2048] Black is pushing.} 28. Qe1 Qa7 29. Qf2 {[%emt 0:05:59] [#] Black converts the advantage convincingly.} (29. Ne2 $11 {and White has nothing to worry.}) 29... Nxa5 $1 $19 30. bxa5 {[%emt 0:14:04] And now Ne2 would win.} (30. Re1 Nb7) 30... Rc2 31. Ne2 {[%emt 0:01:58] Strongly threatening Nb4.} Rxa2 32. Rc1 Rxa5 33. Nf4 Be4 34. Rfc3 Ra4 35. Rc5 Rc4 36. R1xc4 dxc4 ({Worse is} 36... bxc4 37. Qb2+ Qb7 38. Qa3 $17) 37. g6 Rc8 38. Nxe6 $2 (38. Kh2 Qe7 39. Rxc8+ Kxc8 40. gxf7 Qxf7 41. Qe3) 38... fxe6 {[%emt 0:00:49] Black is clearly winning.} 39. Rxc8+ Kxc8 40. Qf8+ Kb7 41. Qxg7+ Kb6 42. Qf8 {[%emt 0:01:27] [#]} Qd7 $1 43. g7 Qxd4+ 44. Kh1 Qa1+ 45. Kh2 Qxe5+ 46. Kh1 Bh7 {[%emt 0:00:08] ...Qe1+ is the strong threat.} 47. Qh8 Qe1+ 48. Kh2 Qxh4+ 49. Kg1 Qd4+ 50. Kh1 Qd3 {[%emt 0:00:20] ( -> ...c3)} 51. g8=N Bxg8 {[%emt 0:00:23] Weighted Error Value: White=0.75/Black=0.10 (very precise)} 0-1

[Event "Germany Countries-chT Youth 2022"]
[Site "Wiesbaden"]
[Date "2022.10.01"]
[Round "2"]
[White "Stork, Oliver"]
[Black "Pubantz, Jan"]
[Result "1-0"]
[ECO "A11"]
[WhiteElo "2315"]
[BlackElo "2273"]
[Annotator "TA"]
[PlyCount "89"]
[EventDate "2022.09.28"]
[EventType "team-tourn"]
[EventRounds "7"]
[EventCountry "GER"]
[SourceTitle "playchess.com"]
[Source "ChessBase"]
[SourceQuality "1"]
[TimeControl "40/5400+30:1800+30"]

1. c4 c6 2. Nf3 d5 3. e3 Nf6 4. Nc3 e6 5. b3 Bd6 6. Bb2 O-O 7. Be2 Nbd7 8. Qc2 Qe7 {[%emt 0:04:07] A11: English Opening: 1...c6.} 9. O-O a6 10. d4 b6 {[%emt 0:05:08] White has an edge.} 11. e4 dxe4 12. Nxe4 Nxe4 13. Qxe4 Bb7 14. Rfe1 Nf6 15. Qh4 {[%emt 0:00:49] [#]} Ba3 $146 {[%emt 0:04:37] [#]} ({Predecessor:} 15... Rfd8 16. Bd3 h6 17. g4 Nh7 18. Bxh7+ Kxh7 19. g5 Rd7 20. Rad1 Rad8 21. d5 cxd5 22. cxd5 {1-0 (54) Bars,J (2338)-Shabashov,M ICCF email 2013}) 16. Bc3 (16. Bd3 $1 $16 {Black must now prevent Bxa3.} Bxb2 17. Bxh7+ Kh8 18. Rab1) 16... Bb4 $11 17. Rac1 Bxc3 18. Rxc3 c5 19. Rd1 Rad8 20. Ne5 cxd4 21. Rh3 {[%emt 0:03:14] Hoping for Bd3.} Be4 22. Bd3 Qb7 (22... Bxd3 $1 $11 {keeps the balance.} 23. Rhxd3 Qb7) 23. g4 $16 Bxd3 24. Rdxd3 Qe4 25. g5 {[%emt 0:00:08][%mdl 1024] White has strong compensation. Active counter play!} Qe1+ 26. Kg2 Qe4+ {[%emt 0:00:12] [#]} 27. Kf1 $1 Qh1+ 28. Ke2 Qe4+ 29. Kd2 {[%emt 0:02:59] Chess con chili.} Qxh4 30. Rxh4 Nd7 31. Nc6 {[%emt 0:01:05] Threatening mate with Ne7+.} Rde8 {[%emt 0:00:17] Prevents Ne7+.} 32. Rdh3 $40 {[%emt 0:03:37][%mdl 128] Black needs to defend precisely.} f6 (32... f5 $1 $14) 33. Rxh7 {[%emt 0:01:46] White threatens g6 and mate.} fxg5 (33... e5 $2 {gets mated.} 34. g6 f5 35. Rh8#) (33... Kf7 $16 {might work better.}) 34. Rh8+ $18 Kf7 35. Rf3+ Kg6 {[%emt 0:01:14] [#]} 36. Ne5+ $1 {[%emt 0:00:15][%mdl 576] Deflection} Nxe5 37. Rfxf8 $16 {[%emt 0:00:06][%mdl 4096] Endgame KRR-KRN} Re7 38. Re8 Rf7 39. Rhf8 Nf3+ (39... Rf6 {was worth a try.} 40. Rxf6+ Kxf6) 40. Kd3 $18 {[%emt 0:01:00] White is clearly winning.} Rxf8 41. Rxf8 Nxh2 42. Kxd4 {[%emt 0:00:00] Strongly threatening b4.} Ng4 43. b4 {[%emt 0:00:00] aiming for c5.} e5+ 44. Kd5 {[%emt 0:00:00] c5 is the strong threat.} Nf6+ 45. Ke6 {[%emt 0:00:00] Weighted Error Value: White=0.11 (very precise) /Black=0.32} 1-0

[Event "Germany Countries-chT Youth 2022"]
[Site "Wiesbaden"]
[Date "2022.10.01"]
[Round "2"]
[White "Waffenschmidt, Lars"]
[Black "Weishaeutel, Moritz"]
[Result "1-0"]
[ECO "B76"]
[WhiteElo "2302"]
[BlackElo "2401"]
[Annotator "TA"]
[PlyCount "49"]
[EventDate "2022.09.28"]
[EventType "team-tourn"]
[EventRounds "7"]
[EventCountry "GER"]
[SourceTitle "playchess.com"]
[Source "ChessBase"]
[SourceQuality "1"]
[TimeControl "40/5400+30:1800+30"]

1. e4 c5 2. Nf3 d6 3. d4 cxd4 4. Nxd4 Nf6 5. Nc3 g6 6. Be3 Bg7 7. f3 O-O 8. Qd2 Nc6 9. O-O-O d5 10. exd5 Nxd5 11. Nxc6 bxc6 12. Bd4 e5 13. Bc5 Re8 {[%emt 0:00:05] seems to push 13...Be6 aside.} 14. Ne4 {[%emt 0:00:52] B76: Sicilian Dragon: Yugoslav Attack, 9 g4 and 9 0-0-0.} Qc7 15. Bc4 Be6 16. Bb3 (16. g4 $14) 16... Red8 17. Qf2 Nf4 18. Bxe6 Nxe6 19. Be3 {[%emt 0:00:24] [#]} f5 $146 ({Predecessor:} 19... Qa5 20. Kb1 Nd4 21. g4 Rab8 22. g5 Rd5 23. c4 Rd7 24. Nf6+ Bxf6 25. gxf6 Rdb7 26. Bc1 Qc3 {0-1 (37) Yakovich,Y (2104)-Miroshnichenko,D (2062) Voronezh 2006}) 20. Ng5 Qe7 21. Nxe6 Qxe6 22. Kb1 Rd5 23. Bc1 e4 24. fxe4 (24. Qe3 $11) 24... Ra5 $15 {[%emt 0:00:59][%csl Ga5][%cal Re6a2] [#]} 25. b3 {[%emt 0:02:21][%mdl 32768] White got outplayed after the opening.  Weighted Error Value: White=0.18 (very precise) /Black=0.09 (flawless) . Loss on time!?} ({Don't go for} 25. a3 $2 {[#]} Rxa3 $3 26. bxa3 Rb8+ 27. Bb2 Rxb2+ 28. Kc1 Rb8 $17) 1-0